 Seeded DCSS version 0.29.0-13-gc9e81de378 (webtiles) character file.

Game seed: 3875183420463564524 (custom seed)

63 bwicke the Ducker (level 4, -5/28 HPs)
             Began as an Octopode Transmuter on Sept 7, 2022.
             Splashed by a jelly's acid (7 damage)
             ... on level 3 of the Dungeon.
             The game lasted 00:07:45 (2751 turns).

bwicke the Ducker (Octopode Transmuter)             Turns: 2751, Time: 00:07:46

Health: -5/28      AC: -15   Str: 15    XL:     4   Next: 10%
Magic:  6/7        EV: 15    Int: 15    God:
Gold:   112        SH:  0    Dex: 20    Spells: 6/7 levels left

rFire   + . .      SeeInvis .     - Unarmed
rCold   . . .      Faith    .   (no shield)
rNeg    . . .      Spirit   .   (helmet currently unavailable)
rPois   .          Reflect  .   p - amulet of the acrobat
rElec   .          Harm     .   a - +6 ring of strength
rCorr   .          Rampage  .   i - +6 ring of dexterity
Will    .....                   r - ring of protection from fire
Stlth   +++.......              (no ring)
HPRegen 0.09/turn               (no ring)
MPRegen 0.10/turn               (no ring)
                                (no ring)
                                (no ring)

@: appendages, corroded
A: tentacle spike 3, almost no armour, amphibious, 8 rings, camouflage 1,
gelatinous body 1, (nimble swimmer 1), tentacles
a: End Transformation


You were on level 3 of the Dungeon.
One of your tentacles had grown a beastly spike.
You visited 1 branch of the dungeon, and saw 3 of its levels.

You collected 112 gold pieces.

Inventory:

Missiles
 b - a throwing net
 k - 2 poisoned darts
 o - 2 atropa-tipped darts
Armour
 e - a +0 kite shield
Jewellery
 a - a +6 ring of strength (left tentacle)
 i - a +6 ring of dexterity (right tentacle)
 p - an amulet of the acrobat (around mantle)
 r - a ring of protection from fire (on tentacle)
Wands
 q - a wand of roots (4)
Scrolls
 c - 3 scrolls of identify {unknown}
 f - a scroll of noise {unknown}
 h - 4 scrolls of blinking {unknown}
 l - a scroll of magic mapping {unknown}
 m - a scroll of vulnerability {unknown}
 n - a scroll of torment {unknown}
Potions
 d - 2 potions of berserk rage {unknown}
 g - a potion of cancellation {unknown}
 j - a potion of invisibility {unknown}


   Skills:
 - Level 1.4 Fighting
 + Level 3.5 Dodging
 - Level 3.2 Unarmed Combat
 - Level 2.2 Spellcasting
 - Level 2.2 Transmutations


You had 6 spell levels left.
You knew the following spells:

 Your Spells              Type           Power      Damage    Failure   Level
a - Beastly Appendage     Tmut           16%        N/A       9%          1

Your spell library contained the following spells:

 Spells                   Type           Power      Damage    Failure   Level
 Wereblood                Tmut           8%         N/A       13%         2
 Spider Form              Tmut/Pois      5%         N/A       38%         3
 Call Canine Familiar     Summ           1%         N/A       54%         3
 Portal Projectile        Hex/Tloc       2%         N/A       54%         3
 Ice Form                 Ice/Tmut       5%         N/A       80%         4
 Leda's Liquefaction      Hex/Erth       0%         N/A       91%         4


Dungeon Overview and Level Annotations

Branches:
Dungeon (3/15)

Altars:


Innate Abilities, Weirdness & Mutations

One of your tentacles has grown a beastly spike.
You cannot wear most types of armour.
You are amphibious.
You can wear up to eight rings at the same time.
Your skin changes colour to match your surroundings (Stealth+).
Your rubbery body absorbs attacks. (AC +1, EV +1)
((You are camouflaged when in or above water. (Stealth+)))
You have tentacles for arms and can constrict up to eight enemies at once.


Message History

You kill the endoplasm!
Found a runed cabochon ring.
Found a stone staircase leading down.
q - a wand of roots (4)
r - a ring of protection from fire
r - a ring of protection from fire (on tentacle)
You now have 112 gold pieces (gained 13).
A jelly comes into view.
Found a stone staircase leading up.
Casting: Beastly Appendage (safe; 9% risk of failure)
Press: ? - help, Q - select action, (/) - cycle Dir - look around, f - activate One of your tentacles grows a vicious spike.
The helpless jelly fails to defend itself.
You bludgeon the jelly!
Your tentacles burn!
You pierce the jelly, but do no damage.
You squeeze the jelly.
The jelly is heavily wounded.
The jelly completely misses you.
You tentacle-slap the jelly. The acid corrodes you!
Your tentacles burn!
You squeeze the jelly, but do no damage.
The jelly is heavily wounded.
The jelly closely misses you.
You tentacle-slap the jelly but do no damage.
The acid corrodes you!
Your tentacles burn!
The jelly is heavily wounded.
The jelly closely misses you.
You tentacle-slap the jelly but do no damage.
The acid corrodes you!
Your tentacles burn!
You pierce the jelly, but do no damage.
The jelly is heavily wounded.
The jelly hits you. The acid corrodes you!
You are splashed with acid!
* * * LOW HITPOINT WARNING * * *
You tentacle-slap the jelly but do no damage.
Your tentacles burn!
* * * LOW HITPOINT WARNING * * *
You squeeze the jelly.
The jelly is heavily wounded.
The jelly hits you.
* * * LOW HITPOINT WARNING * * *
You are splashed with acid!
You die...

#.# #..#
#.##########
#..#
#..........#
#..#
#.########.#
#..# #.#
#.#####..#
#.#
#........#
#.#
#######..#
..# #.?# ###
#@.# #J<#
...# ##..#
#..# ...#
.... ..#.


You could see a jelly.

Vanquished Creatures
  A gnoll (D:1)
  A worm (D:2)
  A dart slug (D:1)
  6 endoplasms
  2 giant cockroaches
  3 goblins (D:1)
  6 hobgoblins
  3 jackals (D:2)
  3 kobolds
  3 quokkas
  2 ball pythons (D:2)
  5 bats
  2 frilled lizards
  7 rats
45 creatures vanquished.

Notes
Turn   | Place    | Note
-------+----------+-------------------------------------------
     0 | D:1      | bwicke the Octopode Transmuter began the quest for the Orb.
     0 | D:1      | Reached XP level 1. HP: 13/13 MP: 3/3
   215 | D:1      | Reached XP level 2. HP: 7/18 MP: 5/5
   716 | D:1      | Reached XP level 3. HP: 17/23 MP: 2/6
  1824 | D:2      | Found a faded altar of an unknown god.
  2534 | D:3      | Upgraded the game from 0.29.0-11-gd7f09526c8 to
                  | 0.29.0-13-gc9e81de378
  2538 | D:3      | Reached XP level 4. HP: 28/28 MP: 7/7
  2751 | D:3      | Splashed by a jelly's acid

Illustrated notes

Levels and vault maps discovered:
D:1:      elethiomel_arrival_infinity_welcomes_careful_drivers, layout_basic
D:2:      layout_basic, shapermc_ecumenical_altar_starsandcircs,
          roderic_lattice_a, kennysheep_potato
D:3:      layout_loops_ring, serial_shops, nicolae_shop_behind_doors,
          corexii_leaking_fountain

Skill      XL: |  1  2  3 |
---------------+----------+-----
Dodging        | 3 |  3.5
Fighting       | |  1.4
Unarmed Combat | |  3.2
Spellcasting   | |  2.2
Transmutations | |  2.2

Action                   |  1- 3 |  4- 6 || total
-------------------------+-------+-------++-------
Melee: Unarmed           |    69 |    15 ||    84
       Constrict         |    21 |       ||    21
       Kick              |    11 |     3 ||    14
       Tentacles         |     8 |     5 ||    13
       Punch             |     2 |     1 ||     3
 Cast: Beastly Appendage |    16 |     2 ||    18
  Use: Potion            |     1 |       ||     1
 Stab: Sleeping          |     8 |     1 ||     9
Armor: Skin              |    12 |       ||    12
Dodge: Dodged            |    53 |     8 ||    61
